 Dungeon Crawl Stone Soup version 0.27.0-1-g7a089689b8 (webtiles) character file.

Game seed: 17289981494040320107

236 Anothat the Shield-Bearer (level 6, -1/53 HPs)
             Began as a Gnoll Fighter on Aug 1, 2021.
             Slain by an orc priest (7 damage)
             ... on level 3 of the Dungeon.
             The game lasted 00:04:36 (2658 turns).

Anothat the Shield-Bearer (Gnoll Fighter)           Turns: 2658, Time: 00:04:36

Health: -1/53      AC:  7    Str: 17    XL:     6   Next: 6%
Magic:  8/8        EV:  8    Int:  7    God:
Gold:   44         SH: 10    Dex: 12    Spells: 8/8 levels left

rFire    . . .     SeeInvis .   a - +0 long sword
rCold    . . .     Faith    .   c - +0 kite shield
rNeg     . . .     Spirit   .   b - +0 scale mail
rPois    .         Reflect  .   (no helmet)
rElec    .         Harm     .   (no cloak)
rCorr    .         Rampage  .   (no gloves)
Will     .....                  (no boots)
Stlth    ..........             (no amulet)
HPRegen  0.17/turn              (no ring)
MPRegen  0.11/turn              (no ring)

@: mighty
A: fangs 1, strong nose, distributed training
a: no special abilities


You were on level 3 of the Dungeon.
You visited 1 branch of the dungeon, and saw 3 of its levels.

You collected 44 gold pieces.

Inventory:

Hand Weapons
 a - a +0 long sword (weapon)
Missiles
 g - 3 javelins (quivered)
Armour
 b - a +0 scale mail (worn)
 c - a +0 kite shield (worn)
Jewellery
 e - a ring of protection from fire
Scrolls
 i - 2 scrolls of identify {unknown}
 j - a scroll of blinking {unknown}
 k - a scroll of acquirement {unknown}
Potions
 d - a potion of might
 f - 2 potions of lignification {unknown}
 h - a potion of degeneration {unknown}


   Skills:
 + Level 6.8 Fighting
 + Level 1.8 Short Blades
 + Level 4.9 Long Blades
 + Level 1.8 Axes
 + Level 1.8 Maces & Flails
 + Level 1.8 Polearms
 + Level 1.8 Staves
 + Level 1.8 Slings
 + Level 1.8 Bows
 + Level 1.8 Crossbows
 + Level 1.8 Throwing
 + Level 6.8 Armour
 + Level 1.8 Dodging
 + Level 1.8 Stealth
 + Level 6.8 Shields
 + Level 1.8 Unarmed Combat
 + Level 1.8 Spellcasting
 + Level 1.4 Conjurations
 + Level 1.4 Hexes
 + Level 1.4 Summonings
 + Level 1.4 Necromancy
 + Level 1.4 Translocations
 + Level 1.4 Transmutations
 + Level 1.4 Fire Magic
 + Level 1.4 Ice Magic
 + Level 1.4 Air Magic
 + Level 1.4 Earth Magic
 + Level 1.4 Poison Magic
 + Level 2.0 Invocations
 + Level 1.8 Evocations


You had 8 spell levels left.
You didn't know any spells.
Your spell library contained the following spells:

 Spells                   Type           Power      Damage    Failure   Level
 Slow                     Hex            2%         N/A       96%         2
 Confusing Touch          Hex            2%         N/A       99%         3
 Ignite Poison            Fire/Tmut/Pois 2%         N/A       99%         3
 Mephitic Cloud           Conj/Pois/Air  2%         N/A       99%         3
 Vampiric Draining        Necr           1%         2d6       99%         3
 Bolt of Magma            Conj/Fire/Erth 1%         4d4       100%        5


Dungeon Overview and Level Annotations

Branches:
Dungeon (3/15)

Altars:
Kikubaaqudgha
Vehumet
Xom


Innate Abilities, Weirdness & Mutations

You have very sharp teeth.
Your uncanny sense of smell can sniff out nearby items.
Your experience applies equally to all skills.


Message History

You hit the orc.
You kill the orc!
Items here: ))) [[ †††.
Items here: ))) [[ †††.
HP restored.
Found 18 arrows.
You open the door.
There is an open door here.
An orc priest comes into view. It is wielding a +0 flail.
The orc priest shouts!
An orc and an orc priest come into view.
The orc priest shouts!
The orc shouts! 2 orc priests come into view.
The orc priest shouts! x2
The orc priest mumbles some strange prayers to Beogh against you.
Pain shoots through your body!
You barely miss the orc priest. You block the orc priest's attack.
The orc priest casts a cantrip, but nothing happens.
You closely miss the orc priest. You block the orc priest's attack.
The orc priest invokes the aid of Beogh against you.
Beogh smites you! You block the orc's attack. The orc priest barely misses you.
The orc priest looks braver for a moment. x2
The orc priest invokes the aid of Beogh against you.
Beogh smites you!
You barely miss the orc. The orc hits you with a +0 short sword.
You aren't carrying any items that you can evoke.
You hit the orc.
You kill the orc!
The orc priest casts a cantrip, but nothing happens.
The orc priest mumbles some strange prayers to Beogh against you.
Pain shoots through your body!
You feel very mighty all of a sudden.
The orc priest hits you with a +0 flail.
You hit the orc priest.
The orc priest is moderately wounded.
The orc priest calls down the wrath of Beogh upon you.
Beogh smites you!
* * * LOW HITPOINT WARNING * * *
The orc priest hits you with a +0 flail!
You die...

#.# #.####..... ########.#
#.# #..... #........# #.#
#.....
#........#####.########+ #
#........##.......# #.
....#o.......##.......# #.
..............'.......# #.
###.####.######.......#####.
.......ooo@..+.............
.#
##.#....o#####.........###.
..# #.....# #.........# #.
..## .#.....#####.........#
#. # ..#
.#.###.............#.# #.
≈##.####.#.
#.........###'#.###.
≈≈#.##...#.
#................##.
..'......#
#................##.
≈≈#......#
#...................


You could see 4 orc priests.

Vanquished Creatures
  3 orc priests (D:3)
  3 orc wizards (D:3)
  An adder (D:2)
  A worm (D:2)
  8 orcs (D:3)
  5 ball pythons
  4 endoplasms
  2 giant cockroaches
  2 goblins (D:3)
  4 hobgoblins
  6 jackals
  6 bats
  4 frilled lizards (D:2)
  3 kobolds
  3 rats
55 creatures vanquished.

Notes
Turn   | Place    | Note
-------+----------+-------------------------------------------
     0 | D:1      | Anothat the Gnoll Fighter began the quest for the Orb.
     0 | D:1      | Reached XP level 1. HP: 23/23 MP: 1/1
   282 | D:1      | Reached XP level 2. HP: 29/29 MP: 2/2
   890 | D:2      | Reached XP level 3. HP: 21/35 MP: 3/3
  1275 | D:2      | Reached skill level 1 in Invocations
  1597 | D:2      | Reached skill level 1 in Short Blades
  1597 | D:2      | Reached skill level 1 in Axes
  1597 | D:2      | Reached skill level 1 in Maces & Flails
  1597 | D:2      | Reached skill level 1 in Polearms
  1597 | D:2      | Reached skill level 1 in Staves
  1597 | D:2      | Reached skill level 1 in Slings
  1597 | D:2      | Reached skill level 1 in Bows
  1597 | D:2      | Reached skill level 1 in Crossbows
  1597 | D:2      | Reached skill level 1 in Throwing
  1597 | D:2      | Reached skill level 1 in Dodging
  1597 | D:2      | Reached skill level 1 in Stealth
  1597 | D:2      | Reached skill level 1 in Unarmed Combat
  1597 | D:2      | Reached skill level 1 in Spellcasting
  1597 | D:2      | Reached skill level 1 in Evocations
  1718 | D:3      | Reached XP level 4. HP: 15/41 MP: 5/5
  1721 | D:3      | Reached skill level 1 in Conjurations
  1721 | D:3      | Reached skill level 1 in Hexes
  1721 | D:3      | Reached skill level 1 in Summonings
  1721 | D:3      | Reached skill level 1 in Necromancy
  1721 | D:3      | Reached skill level 1 in Translocations
  1721 | D:3      | Reached skill level 1 in Transmutations
  1721 | D:3      | Reached skill level 1 in Fire Magic
  1721 | D:3      | Reached skill level 1 in Ice Magic
  1721 | D:3      | Reached skill level 1 in Air Magic
  1721 | D:3      | Reached skill level 1 in Earth Magic
  1721 | D:3      | Reached skill level 1 in Poison Magic
  2018 | D:3      | Reached XP level 5. HP: 37/47 MP: 5/7
  2243 | D:3      | Found a radiant altar of Vehumet.
  2243 | D:3      | Found a shimmering altar of Xom.
  2243 | D:3      | Found an ancient bone altar of Kikubaaqudgha.
  2514 | D:3      | Reached XP level 6. HP: 47/53 MP: 8/8
  2658 | D:3      | Slain by an orc priest

Illustrated notes

Levels and vault maps discovered:
D:1:      dpeg_arrival_rooms_a, layout_loops_cross
D:2:      layout_rooms
D:3:      layout_basic, gammafunk_temple_overflow_claw, gup_sewer_entry_bubbles

Skill      XL: |  1  2  3  4  5 |
---------------+----------------+-----
Invocations    | 1 2 |  2.0
Short Blades   | 1 |  1.8
Axes           | 1 |  1.8
Maces & Flails | 1 |  1.8
Polearms       | 1 |  1.8
Staves         | 1 |  1.8
Slings         | 1 |  1.8
Bows           | 1 |  1.8
Crossbows      | 1 |  1.8
Throwing       | 1 |  1.8
Dodging        | 1 |  1.8
Stealth        | 1 |  1.8
Unarmed Combat | 1 |  1.8
Spellcasting   | 1 |  1.8
Evocations     | 1 |  1.8
Conjurations   | 1 |  1.4
Hexes          | 1 |  1.4
Summonings     | 1 |  1.4
Necromancy     | 1 |  1.4
Translocations | 1 |  1.4
Transmutations | 1 |  1.4
Fire Magic     | 1 |  1.4
Ice Magic      | 1 |  1.4
Air Magic      | 1 |  1.4
Earth Magic    | 1 |  1.4
Poison Magic   | 1 |  1.4
Fighting       | |  6.8
Long Blades    | |  4.9
Armour         | |  6.8
Shields        | |  6.8

Action                   |  1- 3 |  4- 6 || total
-------------------------+-------+-------++-------
Melee: Long sword        |   118 |    77 ||   195
       Bite              |     6 |     7 ||    13
  Use: Potion            |       |     2 ||     2
Armor: Scale mail        |    51 |    34 ||    85
Dodge: Dodged            |    35 |    15 ||    50
Block: Kite shield       |    62 |    32 ||    94
       Rpst.: Long sword |    14 |     6 ||    20
